Workbook

Sheet COMPARATIVO DE PRECIOS
B2: SECRETARIA DE CULTURA Y TURISMO DE SOACHA
B4: OBJETO: PRESTACIÓN DE SERVICIO DE TRANSPORTE TERRESTRE AUTOMOTOR ESPECIAL DE PASAJEROS PARA LA MOVILIZACION DE GRUPOS ARTISTICOS, TURISTICOS Y CULTURALES A NIVEL MUNICIPAL, DEPARTAMENTAL Y NACIONAL REQUERIDOS POR LA SECRETARÍA DE CULTURA Y TURISMO
B5: COMPARATIVO DE PRECIOS - ESTUDIO DE MERCADO
E6: COTIZACIÓN 1 TRANSPORTES SAAMA EXPRESS S.A.S. | G6: COTIZACIÓN 2 PINTO PAEZ Y CIA S EN C | I6: COTIZACIÓN 3 TRANSPORTES ESPECIALES CBC SAS | K6: COTIZACIÓN 4 TRANSPORTES ESPECIALES GOLDEN SAS BIC | M6: VALOR PROMEDIO POR DIA (incluyendo todos los costos directos e indirectos) | N6: VALOR PROMEDIO HORA (incluyendo todos los costos directos e indirectos) | O6: KM APROXIMADOS POR TRAYECTO
B7: PUNTO DE PARTIDA-PUNTO DE DESTINO | C7: VEHICULO REQUERIDO | D7: CANTIDAD DE VEHICULO | E7: VALOR POR DIA (incluyendo todos los costos directos e indirectos) | F7: VALOR HORA (incluyendo todos los costos directos e indirectos) | G7: VALOR POR DIA (incluyendo todos los costos directos e indirectos) | H7: VALOR HORA (incluyendo todos los costos directos e indirectos) | I7: VALOR POR DIA (incluyendo todos los costos directos e indirectos) | J7: VALOR HORA (incluyendo todos los costos directos e indirectos) | K7: VALOR POR DIA (incluyendo todos los costos directos e indirectos) | L7: VALOR HORA (incluyendo todos los costos directos e indirectos)
B8: SOACHA URBANO (TRASLADOS DENTRO DEL MUNICIPIO) | C8: Autobus de mas de 30 pasajeros | D8: 1 | E8: 890400 | F8: 211680 | G8: 750000 | H8: 180000 | I8: 840000 | J8: 201600 | K8: 600000 | L8: NO OFERTO | M8: =AVERAGE(E8,G8,I8,K8) -> 770100 | N8: =AVERAGE(F8,H8,J8,L8) -> 197760 | O8: N/A
C9: Buseta de 20 a 30 pasajeros | E9: 771680 | F9: 162288 | G9: 650000 | H9: 138000 | I9: 728000 | J9: 154560 | K9: 500000 | M9: =AVERAGE(E9,G9,I9,K9) -> 662420 | N9: =AVERAGE(F9,H9,J9,L9) -> 151616
C10: Microbus de 10 a 19 pasajeros | E10: 629216 | F10: 115248 | G10: 530000 | H10: 98000 | I10: 593600 | J10: 109760 | K10: 450000 | M10: =AVERAGE(E10,G10,I10,K10) -> 550704 | N10: =AVERAGE(F10,H10,J10,L10) -> 107669.33
C11: Pick up cabina sencilla 4x4 | E11: 442825.6 | F11: 88200 | G11: 373000 | H11: 75000 | I11: 417760 | J11: 84000 | K11: 400000 | M11: =AVERAGE(E11,G11,I11,K11) -> 408396.4 | N11: =AVERAGE(F11,H11,J11,L11) -> 82400
B12: SOACHA RURAL (TRASLADO DENTRO DEL MUNICIPIO ZONA RURAL) | C12: Autobus de mas de 30 pasajeros | D12: 1 | E12: 1151584 | F12: 346920 | G12: 970000 | H12: 295000 | I12: 1086400 | J12: 330400 | K12: 700000 | L12: NO OFERTO | M12: =AVERAGE(E12,G12,I12,K12) -> 976996 | N12: =AVERAGE(F12,H12,J12,L12) -> 324106.67 | O12: N/A
C13: Buseta de 20 a 30 pasajeros | E13: 997248 | F13: 270480 | G13: 840000 | H13: 230000 | I13: 940800 | J13: 257600 | K13: 600000 | M13: =AVERAGE(E13,G13,I13,K13) -> 844512 | N13: =AVERAGE(F13,H13,J13,L13) -> 252693.33
C14: Microbus de 10 a 19 pasajeros | E14: 831040 | F14: 188160 | G14: 700000 | H14: 160000 | I14: 784000 | J14: 179200 | K14: 550000 | M14: =AVERAGE(E14,G14,I14,K14) -> 716260 | N14: =AVERAGE(F14,H14,J14,L14) -> 175786.67
C15: Pick up cabina sencilla 4x4 | E15: 510496 | F15: 141120 | G15: 430000 | H15: 120000 | I15: 481600 | J15: 134400 | K15: 500000 | M15: =AVERAGE(E15,G15,I15,K15) -> 480524 | N15: =AVERAGE(F15,H15,J15,L15) -> 131840
B16: De Soacha a Bogotá – Cundinamarca | C16: Autobus de mas de 30 pasajeros | D16: 1 | E16: 1151584 | F16: 211680 | G16: 970000 | H16: 180000 | I16: 1086400 | J16: 330400 | K16: 650000 | L16: NO OFERTO | M16: =AVERAGE(E16,G16,I16,K16) -> 964496 | N16: =AVERAGE(F16,H16,J16,L16) -> 240693.33 | O16: 15.61
C17: Buseta de 20 a 30 pasajeros | E17: 997248 | F17: 162288 | G17: 840000 | H17: 138000 | I17: 940800 | J17: 257600 | K17: 550000 | M17: =AVERAGE(E17,G17,I17,K17) -> 832012 | N17: =AVERAGE(F17,H17,J17,L17) -> 185962.67
C18: Microbus de 10 a 19 pasajeros | E18: 831040 | F18: 115248 | G18: 700000 | H18: 98000 | I18: 784000 | J18: 179200 | K18: 500000 | M18: =AVERAGE(E18,G18,I18,K18) -> 703760 | N18: =AVERAGE(F18,H18,J18,L18) -> 130816
C19: Pick up cabina sencilla 4x4 | E19: 510496 | F19: 88200 | G19: 430000 | H19: 75000 | I19: 481600 | J19: 134400 | K19: 450000 | M19: =AVERAGE(E19,G19,I19,K19) -> 468024 | N19: =AVERAGE(F19,H19,J19,L19) -> 99200
B20: De soacha a Chía – Cundinamarca | C20: Autobus de mas de 30 pasajeros | D20: 1 | E20: 1246560 | F20: N.A | G20: 1050000 | H20: N.A | I20: 1176000 | J20: N.A | K20: 800000 | L20: N.A | M20: =AVERAGE(E20,G20,I20,K20) -> 1068140 | N20: N.A | O20: 35.66
C21: Buseta de 20 a 30 pasajeros | E21: 1127840 | G21: 950000 | I21: 1064000 | K21: 700000 | M21: =AVERAGE(E21,G21,I21,K21) -> 960460
C22: Microbus de 10 a 19 pasajeros | E22: 890400 | G22: 750000 | I22: 840000 | K22: 500000 | M22: =AVERAGE(E22,G22,I22,K22) -> 745100
C23: Pick up cabina sencilla 4x4 | E23: 712320 | G23: 600000 | I23: 672000 | K23: 450000 | M23: =AVERAGE(E23,G23,I23,K23) -> 608580
B24: De soacha A Zipaquirá – Cundinamarca | C24: Autobus de mas de 30 pasajeros | D24: 1 | E24: 1662080 | F24: N.A | G24: 1400000 | H24: N.A | I24: 1568000 | J24: N.A | K24: 800000 | L24: N.A | M24: =AVERAGE(E24,G24,I24,K24) -> 1357520 | N24: N.A | O24: 54.56
C25: Buseta de 20 a 30 pasajeros | E25: 1424640 | G25: 1200000 | I25: 1344000 | K25: 700000 | M25: =AVERAGE(E25,G25,I25,K25) -> 1167160
C26: Microbus de 10 a 19 pasajeros | E26: 1127840 | G26: 950000 | I26: 1064000 | K26: 500000 | M26: =AVERAGE(E26,G26,I26,K26) -> 910460
C27: Pick up cabina sencilla 4x4 | E27: 771680 | G27: 650000 | I27: 728000 | K27: 450000 | M27: =AVERAGE(E27,G27,I27,K27) -> 649920
B28: De soacha a Girardot – Cundinamarca | C28: Autobus de mas de 30 pasajeros | D28: 1 | E28: 2255680 | F28: N.A | G28: 1900000 | H28: N.A | I28: 2128000 | J28: N.A | K28: 1200000 | L28: N.A | M28: =AVERAGE(E28,G28,I28,K28) -> 1870920 | N28: N.A | O28: 72.26
C29: Buseta de 20 a 30 pasajeros | E29: 2018240 | G29: 1700000 | I29: 1904000 | K29: 1100000 | M29: =AVERAGE(E29,G29,I29,K29) -> 1680560
C30: Microbus de 10 a 19 pasajeros | E30: 1543360 | G30: 1300000 | I30: 1456000 | K30: 900000 | M30: =AVERAGE(E30,G30,I30,K30) -> 1299840
C31: Pick up cabina sencilla 4x4 | E31: 831040 | G31: 700000 | I31: 784000 | K31: 600000 | M31: =AVERAGE(E31,G31,I31,K31) -> 728760
B32: De soacha a Fusa – Cundinamarca | C32: Autobus de mas de 30 pasajeros | D32: 1 | E32: 1662080 | F32: N.A | G32: 1400000 | H32: N.A | I32: 1568000 | J32: N.A | K32: 800000 | L32: N.A | M32: =AVERAGE(E32,G32,I32,K32) -> 1357520 | N32: N.A | O32: 31.54
C33: Buseta de 20 a 30 pasajeros | E33: 1424640 | G33: 1200000 | I33: 1344000 | K33: 700000 | M33: =AVERAGE(E33,G33,I33,K33) -> 1167160
C34: Microbus de 10 a 19 pasajeros | E34: 1127840 | G34: 950000 | I34: 1064000 | K34: 500000 | M34: =AVERAGE(E34,G34,I34,K34) -> 910460
C35: Pick up cabina sencilla 4x4 | E35: 771680 | G35: 650000 | I35: 728000 | K35: 450000 | M35: =AVERAGE(E35,G35,I35,K35) -> 649920
B36: De soacha a Sibate – Cundinamarca | C36: Autobus de mas de 30 pasajeros | D36: 1 | E36: 890400 | F36: N.A | G36: 750000 | H36: N.A | I36: 840000 | J36: N.A | K36: 650000 | L36: N.A | M36: =AVERAGE(E36,G36,I36,K36) -> 782600 | N36: N.A | O36: 11.02
C37: Buseta de 20 a 30 pasajeros | E37: 771680 | G37: 650000 | I37: 728000 | K37: 550000 | M37: =AVERAGE(E37,G37,I37,K37) -> 674920
C38: Microbus de 10 a 19 pasajeros | E38: 629216 | G38: 530000 | I38: 593600 | K38: 500000 | M38: =AVERAGE(E38,G38,I38,K38) -> 563204
C39: Pick up cabina sencilla 4x4 | E39: 442825.6 | G39: 373000 | I39: 417760 | K39: 450000 | M39: =AVERAGE(E39,G39,I39,K39) -> 420896.4
B40: De Soacha a Mosquera – Cundinamarca | C40: Autobus de mas de 30 pasajeros | D40: 1 | E40: 1009120 | F40: N.A | G40: 850000 | H40: N.A | I40: 952000 | J40: N.A | K40: 800000 | L40: N.A | M40: =AVERAGE(E40,G40,I40,K40) -> 902780 | N40: N.A | O40: 14.15
C41: Buseta de 20 a 30 pasajeros | E41: 890400 | G41: 750000 | I41: 840000 | K41: 700000 | M41: =AVERAGE(E41,G41,I41,K41) -> 795100
C42: Microbus de 10 a 19 pasajeros | E42: 771680 | G42: 650000 | I42: 728000 | K42: 500000 | M42: =AVERAGE(E42,G42,I42,K42) -> 662420
C43: Pick up cabina sencilla 4x4 | E43: 569856 | G43: 480000 | I43: 537600 | K43: 450000 | M43: =AVERAGE(E43,G43,I43,K43) -> 509364
B44: De Soacha a Facatativá – Cundinamarca | C44: Autobus de mas de 30 pasajeros | D44: 1 | E44: 1424640 | F44: N.A | G44: 1200000 | H44: N.A | I44: 1344000 | J44: N.A | K44: 1200000 | L44: N.A | M44: =AVERAGE(E44,G44,I44,K44) -> 1292160 | N44: N.A | O44: 30.19
C45: Buseta de 20 a 30 pasajeros | E45: 1305920 | G45: 1100000 | I45: 1232000 | K45: 1100000 | M45: =AVERAGE(E45,G45,I45,K45) -> 1184480
C46: Microbus de 10 a 19 pasajeros | E46: 1068480 | G46: 900000 | I46: 1008000 | K46: 900000 | M46: =AVERAGE(E46,G46,I46,K46) -> 969120
C47: Pick up cabina sencilla 4x4 | E47: 652960 | G47: 550000 | I47: 616000 | K47: 600000 | M47: =AVERAGE(E47,G47,I47,K47) -> 604740
B48: De Soacha a Ubaté – Cundinamarca | C48: Autobus de mas de 30 pasajeros | D48: 1 | E48: 2255680 | F48: N.A | G48: 1900000 | H48: N.A | I48: 2128000 | J48: N.A | K48: 1600000 | L48: N.A | M48: =AVERAGE(E48,G48,I48,K48) -> 1970920 | N48: N.A | O48: 92.54
C49: Buseta de 20 a 30 pasajeros | E49: 2018240 | G49: 1700000 | I49: 1904000 | K49: 1400000 | M49: =AVERAGE(E49,G49,I49,K49) -> 1755560
C50: Microbus de 10 a 19 pasajeros | E50: 1543360 | G50: 1300000 | I50: 1456000 | K50: 1200000 | M50: =AVERAGE(E50,G50,I50,K50) -> 1374840
C51: Pick up cabina sencilla 4x4 | E51: 831040 | G51: 700000 | I51: 784000 | K51: 800000 | M51: =AVERAGE(E51,G51,I51,K51) -> 778760
B52: De Soacha a Tocancipá – Cundinamarca | C52: Autobus de mas de 30 pasajeros | D52: 1 | E52: 1424640 | F52: N.A | G52: 1200000 | H52: N.A | I52: 1344000 | J52: N.A | K52: 800000 | L52: N.A | M52: =AVERAGE(E52,G52,I52,K52) -> 1192160 | N52: N.A | O52: 54.54
C53: Buseta de 20 a 30 pasajeros | E53: 1305920 | G53: 1100000 | I53: 1232000 | K53: 700000 | M53: =AVERAGE(E53,G53,I53,K53) -> 1084480
C54: Microbus de 10 a 19 pasajeros | E54: 1068480 | G54: 900000 | I54: 1008000 | K54: 500000 | M54: =AVERAGE(E54,G54,I54,K54) -> 869120
C55: Pick up cabina sencilla 4x4 | E55: 652960 | G55: 550000 | I55: 616000 | K55: 450000 | M55: =AVERAGE(E55,G55,I55,K55) -> 567240
B56: De soacha a Cota – Cundinamarca | C56: Autobus de mas de 30 pasajeros | D56: 1 | E56: 1365280 | F56: N.A | G56: 1150000 | H56: N.A | I56: 1288000 | J56: N.A | K56: 800000 | L56: N.A | M56: =AVERAGE(E56,G56,I56,K56) -> 1150820 | N56: N.A | O56: 28.77
C57: Buseta de 20 a 30 pasajeros | E57: 1163456 | G57: 980000 | I57: 1097600 | K57: 700000 | M57: =AVERAGE(E57,G57,I57,K57) -> 985264
C58: Microbus de 10 a 19 pasajeros | E58: 937888 | G58: 790000 | I58: 884800 | K58: 500000 | M58: =AVERAGE(E58,G58,I58,K58) -> 778172
C59: Pick up cabina sencilla 4x4 | E59: 712320 | G59: 600000 | I59: 672000 | K59: 450000 | M59: =AVERAGE(E59,G59,I59,K59) -> 608580
B60: De Soacha a Villeta - Cundinamarca | C60: Autobus de mas de 30 pasajeros | D60: 1 | E60: 2255680 | F60: N.A | G60: 1900000 | H60: N.A | I60: 2128000 | J60: N.A | K60: 650000 | L60: N.A | M60: =AVERAGE(E60,G60,I60,K60) -> 1733420 | N60: N.A | O60: 55.51
C61: Buseta de 20 a 30 pasajeros | E61: 2018240 | G61: 1700000 | I61: 1904000 | K61: 550000 | M61: =AVERAGE(E61,G61,I61,K61) -> 1543060
C62: Microbus de 10 a 19 pasajeros | E62: 1543360 | G62: 1300000 | I62: 1456000 | K62: 500000 | M62: =AVERAGE(E62,G62,I62,K62) -> 1199840
C63: Pick up cabina sencilla 4x4 | E63: 831040 | G63: 700000 | I63: 784000 | K63: 450000 | M63: =AVERAGE(E63,G63,I63,K63) -> 691260
B64: De Soacha a Arbeláez – Cundinamarca | C64: Autobus de mas de 30 pasajeros | D64: 1 | E64: 1424640 | F64: N.A | G64: 1200000 | H64: N.A | I64: 1344000 | J64: N.A | K64: 1200000 | L64: N.A | M64: =AVERAGE(E64,G64,I64,K64) -> 1292160 | N64: N.A | O64: 40.59
C65: Buseta de 20 a 30 pasajeros | E65: 1305920 | G65: 1100000 | I65: 1232000 | K65: 1100000 | M65: =AVERAGE(E65,G65,I65,K65) -> 1184480
C66: Microbus de 10 a 19 pasajeros | E66: 1068480 | G66: 900000 | I66: 1008000 | K66: 900000 | M66: =AVERAGE(E66,G66,I66,K66) -> 969120
C67: Pick up cabina sencilla 4x4 | E67: 652960 | G67: 550000 | I67: 616000 | K67: 600000 | M67: =AVERAGE(E67,G67,I67,K67) -> 604740
B68: De soacha a Medellín – Antioquia | C68: Autobus de mas de 30 pasajeros | D68: 1 | E68: 2255680 | F68: N.A | G68: 1900000 | H68: N.A | I68: 2128000 | J68: N.A | K68: 3500000 | L68: N.A | M68: =AVERAGE(E68,G68,I68,K68) -> 2445920 | N68: N.A | O68: 238.34
C69: Buseta de 20 a 30 pasajeros | E69: 2018240 | G69: 1700000 | I69: 1904000 | K69: 3000000 | M69: =AVERAGE(E69,G69,I69,K69) -> 2155560
C70: Microbus de 10 a 19 pasajeros | E70: 1543360 | G70: 1300000 | I70: 1456000 | K70: 2500000 | M70: =AVERAGE(E70,G70,I70,K70) -> 1699840
C71: Pick up cabina sencilla 4x4 | E71: 831040 | G71: 700000 | I71: 784000 | K71: 1750000 | M71: =AVERAGE(E71,G71,I71,K71) -> 1016260
B72: De Soacha a Armenia - Quindio | C72: Autobus de mas de 30 pasajeros | D72: 1 | E72: 3205440 | F72: N.A | G72: 2700000 | H72: N.A | I72: 3024000 | J72: N.A | K72: 2500000 | L72: N.A | M72: =AVERAGE(E72,G72,I72,K72) -> 2857360 | N72: N.A | O72: 162.38
C73: Buseta de 20 a 30 pasajeros | E73: 2255680 | G73: 1900000 | I73: 2128000 | K73: 2000000 | M73: =AVERAGE(E73,G73,I73,K73) -> 2070920
C74: Microbus de 10 a 19 pasajeros | E74: 1780800 | G74: 1500000 | I74: 1680000 | K74: 1750000 | M74: =AVERAGE(E74,G74,I74,K74) -> 1677700
C75: Pick up cabina sencilla 4x4 | E75: 1187200 | G75: 1000000 | I75: 1120000 | K75: 1500000 | M75: =AVERAGE(E75,G75,I75,K75) -> 1201800
B76: De Soacha a Ibague - Tolima | C76: Autobus de mas de 30 pasajeros | D76: 1 | E76: 2849280 | F76: N.A | G76: 2400000 | H76: N.A | I76: 2688000 | J76: N.A | K76: 2000000 | L76: N.A | M76: =AVERAGE(E76,G76,I76,K76) -> 2484320 | N76: N.A | O76: 113.64
C77: Buseta de 20 a 30 pasajeros | E77: 2136960 | G77: 1800000 | I77: 2016000 | K77: 1750000 | M77: =AVERAGE(E77,G77,I77,K77) -> 1925740
C78: Microbus de 10 a 19 pasajeros | E78: 1543360 | G78: 1300000 | I78: 1456000 | K78: 1500000 | M78: =AVERAGE(E78,G78,I78,K78) -> 1449840
C79: Pick up cabina sencilla 4x4 | E79: 1068480 | G79: 900000 | I79: 1008000 | K79: 1250000 | M79: =AVERAGE(E79,G79,I79,K79) -> 1056620
B80: De Soacha a Cartagena - Bolivar | C80: Autobus de mas de 30 pasajeros | D80: 1 | E80: 4155200 | F80: N.A | G80: 3500000 | H80: N.A | I80: 3920000 | J80: N.A | K80: 4000000 | L80: N.A | M80: =AVERAGE(E80,G80,I80,K80) -> 3893800 | N80: N.A | O80: 1.063
C81: Buseta de 20 a 30 pasajeros | E81: 3324160 | G81: 2800000 | I81: 3136000 | K81: 3500000 | M81: =AVERAGE(E81,G81,I81,K81) -> 3190040
C82: Microbus de 10 a 19 pasajeros | E82: 2730560 | G82: 23000000 | I82: 2576000 | K82: 3000000 | M82: =AVERAGE(E82,G82,I82,K82) -> 7826640
C83: Pick up cabina sencilla 4x4 | E83: 1246560 | G83: 1050000 | I83: 1176000 | K83: 2500000 | M83: =AVERAGE(E83,G83,I83,K83) -> 1493140
B84: De Soacha a Barranquilla - Atlantico | C84: Autobus de mas de 30 pasajeros | D84: 1 | E84: 3561600 | F84: N.A | G84: 3000000 | H84: N.A | I84: 3360000 | J84: N.A | K84: 4000000 | L84: N.A | M84: =AVERAGE(E84,G84,I84,K84) -> 3480400 | N84: N.A | O84: 1.021
C85: Buseta de 20 a 30 pasajeros | E85: 2968000 | G85: 2500000 | I85: 2800000 | K85: 3500000 | M85: =AVERAGE(E85,G85,I85,K85) -> 2942000
C86: Microbus de 10 a 19 pasajeros | E86: 2374400 | G86: 2000000 | I86: 2240000 | K86: 3000000 | M86: =AVERAGE(E86,G86,I86,K86) -> 2403600
C87: Pick up cabina sencilla 4x4 | E87: 1780800 | G87: 1500000 | I87: 1680000 | K87: 2500000 | M87: =AVERAGE(E87,G87,I87,K87) -> 1865200
B88: De Soacha a Cucuta - Norte de Santander | C88: Autobus de mas de 30 pasajeros | D88: 1 | E88: 2849280 | F88: N.A | G88: 2400000 | H88: N.A | I88: 2688000 | J88: N.A | K88: 4500000 | L88: N.A | M88: =AVERAGE(E88,G88,I88,K88) -> 3109320 | N88: N.A | O88: 592
C89: Buseta de 20 a 30 pasajeros | E89: 2136960 | G89: 1800000 | I89: 2016000 | K89: 4000000 | M89: =AVERAGE(E89,G89,I89,K89) -> 2488240
C90: Microbus de 10 a 19 pasajeros | E90: 1543360 | G90: 1300000 | I90: 1456000 | K90: 3500000 | M90: =AVERAGE(E90,G90,I90,K90) -> 1949840
C91: Pick up cabina sencilla 4x4 | E91: 1068480 | G91: 900000 | I91: 1008000 | K91: 2500000 | M91: =AVERAGE(E91,G91,I91,K91) -> 1369120

Sheet PRESUPUESTO OFICIAL
A2: SECRETARIA DE CULTURA Y TURISMO DE SOACHA
A4: OBJETO: PRESTACIÓN DE SERVICIO DE TRANSPORTE TERRESTRE AUTOMOTOR ESPECIAL DE PASAJEROS PARA LA MOVILIZACION DE GRUPOS ARTISTICOS, TURISTICOS Y CULTURALES A NIVEL MUNICIPAL, DEPARTAMENTAL Y NACIONAL REQUERIDOS POR LA SECRETARÍA DE CULTURA Y TURISMO
A5: PRESUPUESTO OFICIAL POR RUTA
D6: VALOR PROMEDIO POR DIA (incluyendo todos los costos directos e indirectos) | E6: VALOR PROMEDIO HORA (incluyendo todos los costos directos e indirectos) | F6: KM APROXIMADOS POR TRAYECTO
A7: PUNTO DE PARTIDA-PUNTO DE DESTINO | B7: VEHICULO REQUERIDO | C7: CANTIDAD DE VEHICULO
A8: SOACHA URBANO (TRASLADOS DENTRO DEL MUNICIPIO) | B8: Autobus de mas de 30 pasajeros | C8: 1 | D8: =+'COMPARATIVO DE PRECIOS'!M8 -> 770100 | E8: =+'COMPARATIVO DE PRECIOS'!N8 -> 197760 | F8: N/A
B9: Buseta de 20 a 30 pasajeros | D9: =+'COMPARATIVO DE PRECIOS'!M9 -> 662420 | E9: =+'COMPARATIVO DE PRECIOS'!N9 -> 151616
B10: Microbus de 10 a 19 pasajeros | D10: =+'COMPARATIVO DE PRECIOS'!M10 -> 550704 | E10: =+'COMPARATIVO DE PRECIOS'!N10 -> 107669.33
B11: Pick up cabina sencilla 4x4 | D11: =+'COMPARATIVO DE PRECIOS'!M11 -> 408396.4 | E11: =+'COMPARATIVO DE PRECIOS'!N11 -> 82400
A12: SOACHA RURAL (TRASLADO DENTRO DEL MUNICIPIO ZONA RURAL) | B12: Autobus de mas de 30 pasajeros | C12: 1 | D12: =+'COMPARATIVO DE PRECIOS'!M12 -> 976996 | E12: =+'COMPARATIVO DE PRECIOS'!N12 -> 324106.67 | F12: N/A
B13: Buseta de 20 a 30 pasajeros | D13: =+'COMPARATIVO DE PRECIOS'!M13 -> 844512 | E13: =+'COMPARATIVO DE PRECIOS'!N13 -> 252693.33
B14: Microbus de 10 a 19 pasajeros | D14: =+'COMPARATIVO DE PRECIOS'!M14 -> 716260 | E14: =+'COMPARATIVO DE PRECIOS'!N14 -> 175786.67
B15: Pick up cabina sencilla 4x4 | D15: =+'COMPARATIVO DE PRECIOS'!M15 -> 480524 | E15: =+'COMPARATIVO DE PRECIOS'!N15 -> 131840
A16: De Soacha a Bogotá – Cundinamarca | B16: Autobus de mas de 30 pasajeros | C16: 1 | D16: =+'COMPARATIVO DE PRECIOS'!M16 -> 964496 | E16: =+'COMPARATIVO DE PRECIOS'!N16 -> 240693.33 | F16: 15.61
B17: Buseta de 20 a 30 pasajeros | D17: =+'COMPARATIVO DE PRECIOS'!M17 -> 832012 | E17: =+'COMPARATIVO DE PRECIOS'!N17 -> 185962.67
B18: Microbus de 10 a 19 pasajeros | D18: =+'COMPARATIVO DE PRECIOS'!M18 -> 703760 | E18: =+'COMPARATIVO DE PRECIOS'!N18 -> 130816
B19: Pick up cabina sencilla 4x4 | D19: =+'COMPARATIVO DE PRECIOS'!M19 -> 468024 | E19: =+'COMPARATIVO DE PRECIOS'!N19 -> 99200
A20: De soacha a Chía – Cundinamarca | B20: Autobus de mas de 30 pasajeros | C20: 1 | D20: =+'COMPARATIVO DE PRECIOS'!M20 -> 1068140 | E20: N.A | F20: 35.66
B21: Buseta de 20 a 30 pasajeros | D21: =+'COMPARATIVO DE PRECIOS'!M21 -> 960460
B22: Microbus de 10 a 19 pasajeros | D22: =+'COMPARATIVO DE PRECIOS'!M22 -> 745100
B23: Pick up cabina sencilla 4x4 | D23: =+'COMPARATIVO DE PRECIOS'!M23 -> 608580
A24: De soacha A Zipaquirá – Cundinamarca | B24: Autobus de mas de 30 pasajeros | C24: 1 | D24: =+'COMPARATIVO DE PRECIOS'!M24 -> 1357520 | E24: N.A | F24: 54.56
B25: Buseta de 20 a 30 pasajeros | D25: =+'COMPARATIVO DE PRECIOS'!M25 -> 1167160
B26: Microbus de 10 a 19 pasajeros | D26: =+'COMPARATIVO DE PRECIOS'!M26 -> 910460
B27: Pick up cabina sencilla 4x4 | D27: =+'COMPARATIVO DE PRECIOS'!M27 -> 649920
A28: De soacha a Girardot – Cundinamarca | B28: Autobus de mas de 30 pasajeros | C28: 1 | D28: =+'COMPARATIVO DE PRECIOS'!M28 -> 1870920 | E28: N.A | F28: 72.26
B29: Buseta de 20 a 30 pasajeros | D29: =+'COMPARATIVO DE PRECIOS'!M29 -> 1680560
B30: Microbus de 10 a 19 pasajeros | D30: =+'COMPARATIVO DE PRECIOS'!M30 -> 1299840
B31: Pick up cabina sencilla 4x4 | D31: =+'COMPARATIVO DE PRECIOS'!M31 -> 728760
A32: De soacha a Fusa – Cundinamarca | B32: Autobus de mas de 30 pasajeros | C32: 1 | D32: =+'COMPARATIVO DE PRECIOS'!M32 -> 1357520 | E32: N.A | F32: 31.54
B33: Buseta de 20 a 30 pasajeros | D33: =+'COMPARATIVO DE PRECIOS'!M33 -> 1167160
B34: Microbus de 10 a 19 pasajeros | D34: =+'COMPARATIVO DE PRECIOS'!M34 -> 910460
B35: Pick up cabina sencilla 4x4 | D35: =+'COMPARATIVO DE PRECIOS'!M35 -> 649920
A36: De soacha a Sibate – Cundinamarca | B36: Autobus de mas de 30 pasajeros | C36: 1 | D36: =+'COMPARATIVO DE PRECIOS'!M36 -> 782600 | E36: N.A | F36: 11.02
B37: Buseta de 20 a 30 pasajeros | D37: =+'COMPARATIVO DE PRECIOS'!M37 -> 674920
B38: Microbus de 10 a 19 pasajeros | D38: =+'COMPARATIVO DE PRECIOS'!M38 -> 563204
B39: Pick up cabina sencilla 4x4 | D39: =+'COMPARATIVO DE PRECIOS'!M39 -> 420896.4
A40: De Soacha a Mosquera – Cundinamarca | B40: Autobus de mas de 30 pasajeros | C40: 1 | D40: =+'COMPARATIVO DE PRECIOS'!M40 -> 902780 | E40: N.A | F40: 14.15
B41: Buseta de 20 a 30 pasajeros | D41: =+'COMPARATIVO DE PRECIOS'!M41 -> 795100
B42: Microbus de 10 a 19 pasajeros | D42: =+'COMPARATIVO DE PRECIOS'!M42 -> 662420
B43: Pick up cabina sencilla 4x4 | D43: =+'COMPARATIVO DE PRECIOS'!M43 -> 509364
A44: De Soacha a Facatativá – Cundinamarca | B44: Autobus de mas de 30 pasajeros | C44: 1 | D44: =+'COMPARATIVO DE PRECIOS'!M44 -> 1292160 | E44: N.A | F44: 30.19
B45: Buseta de 20 a 30 pasajeros | D45: =+'COMPARATIVO DE PRECIOS'!M45 -> 1184480
B46: Microbus de 10 a 19 pasajeros | D46: =+'COMPARATIVO DE PRECIOS'!M46 -> 969120
B47: Pick up cabina sencilla 4x4 | D47: =+'COMPARATIVO DE PRECIOS'!M47 -> 604740
A48: De Soacha a Ubaté – Cundinamarca | B48: Autobus de mas de 30 pasajeros | C48: 1 | D48: =+'COMPARATIVO DE PRECIOS'!M48 -> 1970920 | E48: N.A | F48: 92.54
B49: Buseta de 20 a 30 pasajeros | D49: =+'COMPARATIVO DE PRECIOS'!M49 -> 1755560
B50: Microbus de 10 a 19 pasajeros | D50: =+'COMPARATIVO DE PRECIOS'!M50 -> 1374840
B51: Pick up cabina sencilla 4x4 | D51: =+'COMPARATIVO DE PRECIOS'!M51 -> 778760
A52: De Soacha a Tocancipá – Cundinamarca | B52: Autobus de mas de 30 pasajeros | C52: 1 | D52: =+'COMPARATIVO DE PRECIOS'!M52 -> 1192160 | E52: N.A | F52: 54.54
B53: Buseta de 20 a 30 pasajeros | D53: =+'COMPARATIVO DE PRECIOS'!M53 -> 1084480
B54: Microbus de 10 a 19 pasajeros | D54: =+'COMPARATIVO DE PRECIOS'!M54 -> 869120
B55: Pick up cabina sencilla 4x4 | D55: =+'COMPARATIVO DE PRECIOS'!M55 -> 567240
A56: De soacha a Cota – Cundinamarca | B56: Autobus de mas de 30 pasajeros | C56: 1 | D56: =+'COMPARATIVO DE PRECIOS'!M56 -> 1150820 | E56: N.A | F56: 28.77
B57: Buseta de 20 a 30 pasajeros | D57: =+'COMPARATIVO DE PRECIOS'!M57 -> 985264
B58: Microbus de 10 a 19 pasajeros | D58: =+'COMPARATIVO DE PRECIOS'!M58 -> 778172
B59: Pick up cabina sencilla 4x4 | D59: =+'COMPARATIVO DE PRECIOS'!M59 -> 608580
A60: De Soacha a Villeta - Cundinamarca | B60: Autobus de mas de 30 pasajeros | C60: 1 | D60: =+'COMPARATIVO DE PRECIOS'!M60 -> 1733420 | E60: N.A | F60: 55.51
B61: Buseta de 20 a 30 pasajeros | D61: =+'COMPARATIVO DE PRECIOS'!M61 -> 1543060
B62: Microbus de 10 a 19 pasajeros | D62: =+'COMPARATIVO DE PRECIOS'!M62 -> 1199840
B63: Pick up cabina sencilla 4x4 | D63: =+'COMPARATIVO DE PRECIOS'!M63 -> 691260
A64: De Soacha a Arbeláez – Cundinamarca | B64: Autobus de mas de 30 pasajeros | C64: 1 | D64: =+'COMPARATIVO DE PRECIOS'!M64 -> 1292160 | E64: N.A | F64: 40.59
B65: Buseta de 20 a 30 pasajeros | D65: =+'COMPARATIVO DE PRECIOS'!M65 -> 1184480
B66: Microbus de 10 a 19 pasajeros | D66: =+'COMPARATIVO DE PRECIOS'!M66 -> 969120
B67: Pick up cabina sencilla 4x4 | D67: =+'COMPARATIVO DE PRECIOS'!M67 -> 604740
A68: De soacha a Medellín – Antioquia | B68: Autobus de mas de 30 pasajeros | C68: 1 | D68: =+'COMPARATIVO DE PRECIOS'!M68 -> 2445920 | E68: N.A | F68: 238.34
B69: Buseta de 20 a 30 pasajeros | D69: =+'COMPARATIVO DE PRECIOS'!M69 -> 2155560
B70: Microbus de 10 a 19 pasajeros | D70: =+'COMPARATIVO DE PRECIOS'!M70 -> 1699840
B71: Pick up cabina sencilla 4x4 | D71: =+'COMPARATIVO DE PRECIOS'!M71 -> 1016260
A72: De Soacha a Armenia - Quindio | B72: Autobus de mas de 30 pasajeros | C72: 1 | D72: =+'COMPARATIVO DE PRECIOS'!M72 -> 2857360 | E72: N.A | F72: 162.38
B73: Buseta de 20 a 30 pasajeros | D73: =+'COMPARATIVO DE PRECIOS'!M73 -> 2070920
B74: Microbus de 10 a 19 pasajeros | D74: =+'COMPARATIVO DE PRECIOS'!M74 -> 1677700
B75: Pick up cabina sencilla 4x4 | D75: =+'COMPARATIVO DE PRECIOS'!M75 -> 1201800
A76: De Soacha a Ibague - Tolima | B76: Autobus de mas de 30 pasajeros | C76: 1 | D76: =+'COMPARATIVO DE PRECIOS'!M76 -> 2484320 | E76: N.A | F76: 113.64
B77: Buseta de 20 a 30 pasajeros | D77: =+'COMPARATIVO DE PRECIOS'!M77 -> 1925740
B78: Microbus de 10 a 19 pasajeros | D78: =+'COMPARATIVO DE PRECIOS'!M78 -> 1449840
B79: Pick up cabina sencilla 4x4 | D79: =+'COMPARATIVO DE PRECIOS'!M79 -> 1056620
A80: De Soacha a Cartagena - Bolivar | B80: Autobus de mas de 30 pasajeros | C80: 1 | D80: =+'COMPARATIVO DE PRECIOS'!M80 -> 3893800 | E80: N.A | F80: 1.063
B81: Buseta de 20 a 30 pasajeros | D81: =+'COMPARATIVO DE PRECIOS'!M81 -> 3190040
B82: Microbus de 10 a 19 pasajeros | D82: =+'COMPARATIVO DE PRECIOS'!M82 -> 7826640
B83: Pick up cabina sencilla 4x4 | D83: =+'COMPARATIVO DE PRECIOS'!M83 -> 1493140
A84: De Soacha a Barranquilla - Atlantico | B84: Autobus de mas de 30 pasajeros | C84: 1 | D84: =+'COMPARATIVO DE PRECIOS'!M84 -> 3480400 | E84: N.A | F84: 1.021
B85: Buseta de 20 a 30 pasajeros | D85: =+'COMPARATIVO DE PRECIOS'!M85 -> 2942000
B86: Microbus de 10 a 19 pasajeros | D86: =+'COMPARATIVO DE PRECIOS'!M86 -> 2403600
B87: Pick up cabina sencilla 4x4 | D87: =+'COMPARATIVO DE PRECIOS'!M87 -> 1865200
A88: De Soacha a Cucuta - Norte de Santander | B88: Autobus de mas de 30 pasajeros | C88: 1 | D88: =+'COMPARATIVO DE PRECIOS'!M88 -> 3109320 | E88: N.A | F88: 592
B89: Buseta de 20 a 30 pasajeros | D89: =+'COMPARATIVO DE PRECIOS'!M89 -> 2488240
B90: Microbus de 10 a 19 pasajeros | D90: =+'COMPARATIVO DE PRECIOS'!M90 -> 1949840
B91: Pick up cabina sencilla 4x4 | D91: =+'COMPARATIVO DE PRECIOS'!M91 -> 1369120
A92: NOTAS 1.Se debe costear cada uno de los ítems en pesos colombianos (COP) y sin decimales. 2.El valor a costear debe incluir todas las caracteristicas establecidas en el formato de Solicitud de Información a Proveedores. ANEXO AL PRESENTE ARCHIVO POR FAVOR LEER DETENIDAMENTE. 3. Se deberan contemplar en el costo del trayecto todos los costos directos e indirectos e inlcusive el iva para la correcta prestacion del servicio.
